 Dungeon Crawl Stone Soup version 0.31-a0-986-g5e6e4ef867 (webtiles) character file.

Game seed: 4447029001702752503

2995849 RepHenryClay the Invulnerable (level 27, 273/273 HPs)
             Began as a Minotaur Fighter on Nov 12, 2023.
             Was the Champion of Makhleb.
             Escaped with the Orb
             ... and 5 runes on Nov 14, 2023!
             The game lasted 03:16:54 (79648 turns).

RepHenryClay the Invulnerable (Minotaur Fighter)   Turns: 79648, Time: 03:16:55

Health: 273/273    AC: 40    Str: 31    XL:     27
Magic:  6/6        EV: 36    Int:  5    God:    Makhleb [******]
Gold:   3355       SH: 38    Dex: 26    Spells: 26/26 levels left

rFire   + + +        b - +9 demon trident (antimagic)
rCold   + + .        r - +2 tower shield {AC+3}
rNeg    + . .        e - +6 plate armour of Honesty {rElec Int-2 Dex+3}
rPois   +            o - -2 hat of the Alchemist {rElec rPois rF+ rC+ rN+ Will+ rMut rCorr}
rElec   +            N - +2 cloak {rCorr}
rCorr   +            k - +0 pair of gloves of Bemio {+Blink rC+ Regen+ Int+3}
SInv    .            g - +1 pair of boots "Huwup" {rF++}
Will    +++..        K - brooch of Shielding {Spirit SH+8} Stlth
                     Z - +5 ring of evasion
HPRegen 1.45/turn    p - +6 ring of dexterity
MPRegen 0.10/turn

%: resist mutation, guardian spirit
@: studying 2 skills
A: horns 2, retaliatory headbutt, hooves 1, iridescent scales 1, low MP 1,
strong 1
0: Orb of Zot
}: 5/15 runes: decaying, serpentine, slimy, silver, abyssal
a: Renounce Religion, Evoke Blink, Minor Destruction, Lesser Servant of Makhleb,
Major Destruction, Greater Servant of Makhleb


You escaped.
You worshipped Makhleb.
Makhleb was exalted by your worship.
You visited 13 branches of the dungeon, and saw 57 of its levels.
You visited the Abyss 3 times.
You also visited: Sewer and Bailey.

You collected 30732 gold pieces.
You spent 10843 gold pieces at shops.
You paid 16534 gold pieces to Gozag.

Inventory:

Hand Weapons
 a - a +9 trishula of holy wrath
 b - a +9 antimagic demon trident (weapon)
Missiles
 F - 7 throwing nets
Armour
 e - the +6 plate armour of Honesty (worn) {rElec Int-2 Dex+3}
   (You bought it in a shop on level 1 of the Vaults)

   Int-2:     It affects your intelligence (-2).
   Dex+3:     It affects your dexterity (+3).
   rElec:     It insulates you from electricity.
 g - the +1 pair of boots "Huwup" (worn) {rF++}
   (You acquired it on level 4 of the Dungeon)

   rF++:      It greatly protects you from fire.
 k - the +0 pair of gloves of Bemio (worn) {+Blink rC+ Regen+ Int+3}
   (You found it on level 5 of the Lair of Beasts)

   Int+3:     It affects your intelligence (+3).
   rC+:       It protects you from cold.
   +Blink:    It lets you blink.
   Regen+:    It increases your rate of health regeneration.
 o - the -2 hat of the Alchemist (worn) {rElec rPois rF+ rC+ rN+ Will+ rMut rCorr}
   (You found it on level 5 of the Pits of Slime)

   rF+:       It protects you from fire.
   rC+:       It protects you from cold.
   rElec:     It insulates you from electricity.
   rPois:     It protects you from poison rN+: It protects you from negative
   energy.
   Will+:     It increases your willpower.
   rCorr:     It protects you from acid and corrosion.
   rMut:      It protects you from mutation.
 r - a +2 tower shield of protection (worn)
 N - a +2 cloak of preservation (worn)
Jewellery
 h - the ring of Zovudwuh {Fly rC+ Str+3 Int+3 Dex-2}
   (You found it on level 4 of the Swamp)

   [ring of protection from cold]

   Str+3:     It affects your strength (+3).
   Int+3:     It affects your intelligence (+3).
   Dex-2:     It affects your dexterity (-2).
   rC+:       It protects you from cold.
   Fly:       It grants you flight.
 i - an amulet of the acrobat
 p - a +6 ring of dexterity (right hand)
 s - the ring of Seowk {rN++ Will+ SInv}
   (You acquired it on level 11 of the Dungeon)

   [ring of see invisible]

   rN++:      It greatly protects you from negative energy.
   Will+:     It increases your willpower.
   SInv:      It lets you see invisible.
 u - the ring "Pohi" {rPois rF+ rN+ rCorr Stlth+}
   (You bought it in a shop on level 1 of the Vaults)

   [ring of resist corrosion]

   rF+:       It protects you from fire.
   rPois:     It protects you from poison rN+: It protects you from negative
   energy.
   rCorr:     It protects you from acid and corrosion.
   Stlth+:    It makes you more stealthy.
 y - a ring of willpower
 B - the amulet of the Air {Inacc Air Fly rElec RMsl}
   (You bought it in a shop on level 1 of the Vaults)

   [amulet of nothing]

   Inacc:     It reduces the accuracy of your attacks and spells.
   Air:       It enhances your air magic.
   rElec:     It insulates you from electricity.
   Fly:       It grants you flight.
   RMsl:      It protects you from missiles.
 K - the brooch of Shielding (around neck) {Spirit SH+8}
   (You acquired it on level 1 of the Elven Halls)

   [amulet of guardian spirit]

   Spirit:    It causes incoming damage to be divided between your reserves of
   health and magic.
   SH+8:      It affects your SH (+8).
 W - the ring of Ujiotitz {rPois rC++ rN+ rCorr Dex+3}
   (You found it on level 5 of the Pits of Slime)

   [ring of positive energy]

   Dex+3:     It affects your dexterity (+3).
   rC++:      It greatly protects you from cold.
   rPois:     It protects you from poison rN+: It protects you from negative
   energy.
   rCorr:     It protects you from acid and corrosion.
 Z - a +5 ring of evasion (left hand)
Wands
 w - a wand of digging (27)
 C - a wand of roots (97)
 H - a wand of paralysis (56)
 I - a wand of acid (38)
 S - a wand of mindburst (48)
Scrolls
 c - 6 scrolls of teleportation
 j - a scroll of summoning
 n - 7 scrolls of brand weapon
 v - 11 scrolls of poison
 x - 8 scrolls of immolation
 D - 2 scrolls of blinking
 E - 2 scrolls of torment
 L - 9 scrolls of revelation
 Q - 7 scrolls of fog
 T - 2 scrolls of fear
 V - 43 scrolls of identify {@r1}
Potions
 d - 13 potions of might
 f - 12 potions of enlightenment
 l - 5 potions of mutation
 q - 2 potions of haste
 t - 21 potions of curing
 A - 8 potions of attraction
 G - 7 potions of invisibility
 J - 11 potions of heal wounds
 M - 3 potions of magic
 O - 8 potions of cancellation
 P - 5 potions of resistance
 R - 4 potions of berserk rage
 U - 5 potions of lignification
 X - 3 potions of ambrosia
Miscellaneous
 m - a box of beasts
 Y - a condenser vane


   Skills:
 O Level 27 Fighting
 - Level 14.0(18.4) Axes
 + Level 19.4(21.0) Polearms
 - Level 18.0 Ranged Weapons
 - Level 5.0 Throwing
 O Level 27 Armour
 O Level 27 Dodging
 O Level 27 Shields


You had 26 spell levels left.
You didn't know any spells.
Your spell library contained the following spells:

 Spells                   Type           Power      Damage    Failure   Level
 Apportation              Tloc           0%         N/A       80%         1
 Foxfire                  Conj/Fire      0%         2x1d4     80%         1
 Freeze                   Ice            0%         1d3       80%         1
 Magic Dart               Conj           0%         1d3       80%         1
 Necrotise                Necr           0%         1d4       80%         1
 Sandblast                Erth           0%         2d4       80%         1
 Sting                    Tmut/Pois      0%         1d3       80%         1
 Blink                    Tloc           0%         N/A       91%         2
 Call Imp                 Summ           0%         N/A       91%         2
 Cigotuvi's Dreadful Rot  Necr/Pois/Air  0%         N/A       91%         2
 Ensorcelled Hibernation  Hex/Ice        0%         N/A       91%         2
 Jinxbite                 Hex            0%         N/A       91%         2
 Lesser Beckoning         Tloc           0%         N/A       91%         2
 Momentum Strike          Conj/Tloc      0%         3d8       91%         2
 Passwall                 Tmut/Erth      0%         N/A       91%         2
 Poisonous Vapours        Pois/Air       0%         N/A       91%         2
 Static Discharge         Conj/Air       0%         3-3/arc   91%         2
 Sublimation of Blood     Necr           0%         N/A       91%         2
 Frozen Ramparts          Ice            0%         1d1       99%         3
 Gell's Gravitas          Tloc           0%         N/A       99%         3
 Hailstorm                Conj/Ice       0%         3d3       99%         3
 Ignite Poison            Fire/Tmut/Pois 0%         N/A       99%         3
 Inner Flame              Hex/Fire       0%         N/A       99%         3
 Mephitic Cloud           Conj/Pois/Air  0%         N/A       99%         3
 Ozocubu's Armour         Ice            0%         N/A       99%         3
 Stone Arrow              Conj/Erth      0%         3d7       99%         3
 Summon Guardian Golem    Hex/Summ       0%         N/A       99%         3
 Teleport Other           Tloc           0%         N/A       99%         3
 Vampiric Draining        Necr           0%         2d6       99%         3
 Volatile Blastmotes      Fire/Tloc      0%         2d10      99%         3
 Anguish                  Hex/Necr       0%         N/A       100%        4
 Animate Armour           Summ/Erth      0%         N/A       100%        4
 Animate Dead             Necr           0%         N/A       100%        4
 Brom's Barrelling Bould  Conj/Erth      0%         2d3       100%        4
 Cause Fear               Hex            0%         N/A       100%        4
 Manifold Assault         Tloc           0%         N/A       100%        4
 Olgreb's Toxic Radiance  Pois           0%         N/A       100%        4
 Passage of Golubria      Tloc           0%         N/A       100%        4
 Petrify                  Tmut/Erth      0%         N/A       100%        4
 Summon Ice Beast         Ice/Summ       0%         N/A       100%        4
 Summon Lightning Spire   Summ/Air       0%         N/A       100%        4
 Agony                    Necr           0%         N/A       100%        5
 Alistair's Intoxication  Tmut/Pois      0%         N/A       100%        5
 Borgnjor's Vile Clutch   Necr/Erth      0%         N/A       100%        5
 Freezing Cloud           Conj/Ice/Air   0%         6-21      100%        5
 Irradiate                Conj/Tmut      0%         3d11      100%        5
 Lee's Rapid Deconstruct  Erth           0%         3d4*      100%        5
 Metabolic Englaciation   Hex/Ice        0%         N/A       100%        5
 Silence                  Hex/Air        0%         N/A       100%        5
 Summon Forest            Summ/Tloc      0%         N/A       100%        5
 Summon Mana Viper        Hex/Summ       0%         N/A       100%        5
 Yara's Violent Unravell  Hex/Tmut       0%         3d3       100%        5
 Bombard                  Conj/Erth      0%         9d1       100%        6
 Conjure Ball Lightning   Conj/Air       0%         3x3d6     100%        6
 Death Channel            Necr           0%         N/A       100%        6
 Dispersal                Tloc           0%         N/A       100%        6
 Eringya's Noxious Bog    Tmut/Pois      0%         4d6       100%        6
 Plasma Beam              Fire/Air       0%         2x1d10    100%        6
 Simulacrum               Ice/Necr       0%         N/A       100%        6
 Starburst                Conj/Fire      0%         6d3       100%        6
 Summon Cactus Giant      Summ           0%         N/A       100%        6
 Enfeeble                 Hex            0%         N/A       100%        7
 Haunt                    Necr/Summ      0%         N/A       100%        7
 Monstrous Menagerie      Summ           0%         N/A       100%        7
 Orb of Destruction       Conj           0%         9d5       100%        7
 Ozocubu's Refrigeration  Ice            0%         4d7       100%        7
 Spellforged Servitor     Conj/Summ      0%         N/A       100%        7
 Summon Hydra             Summ           0%         N/A       100%        7
 Borgnjor's Revivificati  Necr           0%         N/A       100%        8
 Discord                  Hex            0%         N/A       100%        8
 Disjunction              Tloc           0%         N/A       100%        8
 Ignition                 Fire           0%         3d3       100%        8
 Infestation              Necr           0%         N/A       100%        8
 Lehudib's Crystal Spear  Conj/Erth      0%         10d2      100%        8
 Death's Door             Necr           0%         N/A       100%        9
 Polar Vortex             Ice            0%         N/A       100%        9
 Shatter                  Erth           0%         3d5*      100%        9


Dungeon Overview and Level Annotations

Branches:
Dungeon (15/15)            Temple (1/1) D:4            Lair (5/5) D:11
  Swamp (4/4) Lair:2        Snake (4/4) Lair:2        Slime (5/5) Lair:4
    Orc (2/2) D:12            Elf (3/3) Orc:2        Vaults (5/5) D:14
  Crypt (3/3) Vaults:2       Tomb (0/3) Crypt:3      Depths (4/4) D:15
   Hell (visited)             Dis (0/7) Hell            Geh (0/7) Hell
    Coc (0/7) Hell            Tar (0/7) Hell            Zot (5/5) Depths:4
  Sewer (visited)          Bailey (visited)

Altars:
Ashenzari
Cheibriados
Dithmenos
Elyvilon
Fedhas
Gozag
Hepliaklqana
Kikubaaqudgha
Makhleb
Nemelex Xobeh
Okawaru
Qazlal
Ru
Sif Muna
Trog
Uskayaw
Vehumet
Wu Jian
Xom
Yredelemnul
Zin
The Shining One
Jiyva
Lugonu

Shops:
D:14 =   Orc:2 :(*[   Elf:2 =:   Elf:3 *   Snake:4 *   Vaults:1 ?[?[[[=[[?=[
Vaults:2 (=!?[   Vaults:3 (   Vaults:5 !   Depths:1 :=:*

Portals:
Hell: Depths:1 Depths:2 Depths:3 Depths:4
Abyss: Depths:1 Depths:3
Pandemonium: Depths:2
Ziggurat: Depths:1

Annotations:
D:8 1 transporter, Prince Ribbit


Innate Abilities, Weirdness & Mutations

You have a pair of horns on your head.
You reflexively headbutt those who attack you in melee.
You have large cloven feet.
You are partially covered in iridescent scales. (AC +2)
Your magical capacity is low. (-10% MP)
Your muscles are strong. (Str +4, Int/Dex -1)


Message History

The rakshasa is heavily wounded.
You miss the rakshasa. Your headbutt misses the rakshasa.
The rakshasa is heavily wounded.
You block the rakshasa's attack.
You puncture the rakshasa!
The rakshasa's magic leaks into the air.
The rakshasa is severely wounded.
The injured rakshasa weaves a defensive illusion!
You block the rakshasa's attack. x2
You hit the rakshasa.
The rakshasa's magic leaks into the air.
Your headbutt misses the rakshasa.
The rakshasa is almost dead.
You puncture the rakshasa!
You kill the rakshasa!
The rakshasa shimmers and vanishes!
You block the rakshasa's attack.
You barely miss the rakshasa. Your headbutt misses the rakshasa.
The rakshasa is severely wounded.
You completely miss the rakshasa.
The rakshasa is severely wounded.
You block the rakshasa's attack. The rakshasa misses you.
You furiously retaliate!
You headbutt the rakshasa!
You kill the rakshasa!
The rakshasa shimmers and vanishes!
You puncture the rakshasa!
The rakshasa's magic leaks into the air.
The rakshasa is almost dead.
You block the rakshasa's attack.
You puncture the rakshasa!
You kill the rakshasa!
Makhleb accepts your kill.
No target in view!
No target in view!
What level of the Dungeon? (default 1, ? - help)
Okay, then.
Things that are here:
a +0 whip; a +0 robe
There is a large open door here.
There is a staircase leading out of the dungeon here.
You have escaped!

#.#...#.......###.#.#.##.##.
##.#..#...#............##.##.
#....##......#.####..#.##.##.
#####.#####.........# #..####.##.
#.....# ##.#....#..###.......##.
#.##### ##....####...##.##....##.
#.#######...#######..##.#....###.
#.#.....#...#.....#.....#..### ##
#.#.....'...+..@..###.#....######
#.#.....##.##.....# #...#.###...#
#.###'####.###''######..#.###.#.#
#......##...##.......##...#...#.#
##.....##...##.....#.####.#.###.#
####'####.########.........#[#..
#.....##.##.....#..)......#....
#..>..'...'.....#..............
#.....#...#.....#.........##.##


There were no monsters in sight!

Vanquished Creatures
  Dissolution (Slime:3)
  4 dread liches
  7 orbs of fire (Zot:5)
  The ghost of Phlounder the Petrodigitator, a legendary DjIE of the Shining One (Crypt:2)
  Mara (Swamp:4)
  Mennas (Crypt:1)
  2 juggernauts
  2 ancient liches
  The ghost of Unkupp the Slayer, a veteran OgBe of Trog (Zot:3)
  The ghost of Ygyeth Femmu the Hoplite, a veteran MiBe of Trog (Zot:1)
  Sojobo (Depths:1)
  the Lernaean hydra (Swamp:4)
  Bai Suzhen (Vaults:1)
  Margery (Vaults:4)
  Frederick (Depths:4)
  6 Killer Klowns
  2 curse toes
  A caustic shrike (Depths:2)
  Boris (thrice) (Crypt:2 Crypt:3 D:6)
  Saint Roka (Vaults:1)
  Geryon (Hell)
  A pandemonium lord (Zot:4)
  Norris (Vaults:2)
  6 golden dragons
  Jory (Vaults:2)
  4 bone dragons
  2 profane servitors
  The ghost of Zissick the Minotaur Blade, an adept MiBr of Okawaru (Vaults:3)
  A Tzitzimitl (Zot:3)
  A Brimstone Fiend (D:14)
  Rupert (D:14)
  4 electric golems
  10 tentacled monstrosities
  A Hell Sentinel (D:10)
  2 Ice Fiends
  5 titans
  28 Orb Guardians
  4 liches
  A quicksilver dragon (shapeshifter) (Vaults:5)
  8 quicksilver dragons
  2 ancient champions
  2 deep elf blademasters (Elf:3)
  4 sphinxes
  24 acid blobs
  Murray (Hell)
  5 tentacled starspawn
  7 death cobs
  2 deep elf master archers (Elf:3)
  Aizul (Snake:2)
  6 tengu reavers
  6 shadow dragons
  3 draconian monks
  18 storm dragons
  20 azure jellies
  2 draconian knights
  A revenant (Crypt:3)
  18 rockslimes
  6 nagarajas
  A fenstrider witch (Swamp:2)
  2 daevas
  11 fire giants
  2 iron dragons
  12 deep elf sorcerers
  A ghost moth (Abyss:3)
  The ghost of Naistiu the Spry, an adept DESu of Gozag (Swamp:1)
  7 frost giants
  11 deep elf elementalists
  Louise (D:14)
  21 vault wardens
  2 balrugs
  6 curse skulls
  10 ghouls
  9 draconian shifters
  2 orc warlords
  4 draconian scorchers
  3 cacodemons
  A caustic shrike zombie (Crypt:3)
  18 very ugly things
  5 reapers
  21 quicksilver oozes
  14 ironbound preservers
  5 war gargoyles
  3 draconian annihilators
  11 ironbound thunderhulks
  20 stone giants
  15 green draconians
  A formless jellyfish (shapeshifter) (Vaults:5)
  7 eleionomae
  A quicksilver ooze (shapeshifter) (D:10)
  8 vampire knights
  8 black draconians
  4 formless jellyfish
  7 deep elf demonologists
  8 deep elf annihilators
  A lorocyproca (D:8)
  7 spark wasps (Depths:4)
  10 purple draconians
  6 red draconians
  6 white draconians
  2 bunyips
  14 dire elephants
  Azrael (D:14)
  6 yellow draconians
  A wendigo (Hell)
  3 blizzard demons
  21 ettins
  6 eidola
  2 iron golems (Hell)
  2 crystal guardians (Vaults:4)
  10 deep elf death magi
  A merfolk javelineer (Abyss:3)
  24 yaktaur captains
  An entropy weaver (Abyss:3)
  9 fire dragons
  2 green deaths
  Josephine (Orc:1)
  6 deep elf high priests
  13 jiangshi
  9 great orbs of eyes
  2 spriggan zombies (Crypt:3)
  A mummy priest (Crypt:3)
  2 shambling mangroves
  Harold (D:11)
  A fenstrider witch zombie (Crypt:2)
  A ghost crab (Swamp:1)
  2 salamander tyrants (Snake:4)
  35 vault guards
  8 ice dragons
  3 peacekeepers
  2 rakshasas
  A fenstrider witch skeleton (Crypt:2)
  28 hydras
  11 ironbound frosthearts
  19 anacondas
  3 ogre magi (Vaults:5)
  2 spriggan air magi (Depths:3)
  3 catoblepae
  A juggernaut simulacrum (Hell)
  An anaconda (shapeshifter) (Depths:2)
  Erica (D:8)
  9 alligators
  A bennu skeleton (Crypt:2)
  16 deep troll earth magi
  16 two-headed ogres
  5 boulder beetles
  27 centaur warriors
  10 vampire magi
  6 death knights
  10 deep troll shamans
  3 tengu warriors
  A sphinx skeleton (D:15)
  A satyr (shapeshifter) (Vaults:5)
  14 death yaks
  20 naga warriors
  2 spriggan berserkers
  27 dancing weapons
  A titan zombie (Crypt:3)
  7 shock serpents
  4 orc high priests (Orc:2)
  8 soul eaters
  7 sun demons
  3 thrashing horrors
  9 hell hogs
  13 naga sharpshooters
  21 hell knights
  3 occultists
  6 wretched stars
  17 deep elf knights
  A salamander mystic (Snake:4)
  Amaemon (D:10)
  16 iron trolls
  4 skysharks
  4 shadow wraiths
  A bunyip zombie (Crypt:3)
  4 goliath frogs
  34 skeletal warriors
  A sixfirhy (Zot:3)
  A storm dragon skeleton (D:15)
  2 spatial maelstroms
  A spriggan druid (Swamp:3)
  2 glowing orange brains (Abyss:3)
  9 flayed ghosts
  2 shadow demons
  11 swamp dragons
  46 deep trolls
  5 naga ritualists
  10 deep elf archers
  5 death drakes (Depths:2)
  13 bog bodies
  11 orc knights
  An obsidian statue (Zot:1)
  8 lindwurms
  3 sea snakes (Snake:1)
  5 harpies (Vaults:1)
  11 necromancers
  An orange crystal statue (Elf:2)
  18 deep elf zephyrmancers
  34 phantasmal warriors
  3 arcanists
  10 mana vipers
  16 ironbound convokers
  5 shining eyes
  21 deep elf pyromancers
  2 stone giant zombies (Crypt:3)
  4 orc sorcerers
  4 manticores
  6 cyclopes
  4 will-o-the-wisps
  2 worldbinders
  37 moths of wrath
  A wolf spider (Crypt:3)
  7 salamanders
  A toenail golem (Depths:4)
  23 ugly things
  14 elephants
  4 rust devils
  6 guardian serpents
  A guardian serpent (shapeshifter) (Vaults:5)
  54 black mambas
  2 eyes of devastation
  3 naga zombies (Crypt:3)
  An apocalypse crab (Abyss:3)
  A torpor snail (Lair:5)
  A red draconian zombie (Crypt:2)
  6 smoke demons
  3 gargoyles
  18 naga magi
  18 vault sentinels
  7 cane toads
  3 orange demons
  A titan simulacrum (Hell)
  4 unseen horrors
  A purple draconian zombie (Crypt:1)
  2 hellions
  40 yaktaurs
  4 efreet
  11 komodo dragons
  5 rime drakes
  A redback zombie (Crypt:1)
  A steelbarb worm zombie (Crypt:1)
  3 bunyip simulacra (Hell)
  A black draconian skeleton (Crypt:1)
  A tengu conjurer (Depths:2)
  11 freezing wraiths
  4 ancient zymes
  2 guardian mummies (Crypt:3)
  3 harpy zombies (Crypt:3)
  A merfolk (D:11)
  2 red devils
  An unseen horror skeleton (Crypt:1)
  15 trolls
  6 polar bears
  11 tyrant leeches
  A tyrant leech (shapeshifter) (Vaults:4)
  An iron troll skeleton (Crypt:1)
  3 bloated husks
  A tarantella (shapeshifter) (Vaults:5)
  3 hellwings (Abyss:2)
  3 glass eyes
  A glass eye (shapeshifter) (Depths:4)
  9 hornets
  A hydra skeleton (Crypt:2)
  15 raiju
  A fire dragon zombie (Crypt:3)
  3 ettin zombies (Crypt:3)
  A merfolk zombie (Crypt:3)
  9 blink frogs
  120 slime creatures
  3 flying skulls
  4 shadows
  An ettin skeleton (Crypt:2)
  8 spriggans
  5 ynoxinuls
  Sigmund (D:6)
  A centaur simulacrum (D:15)
  A jumping spider (shapeshifter) (D:14)
  5 jumping spiders (Crypt:3)
  9 water elementals
  A naga simulacrum (Hell)
  20 wraiths
  3 vampires
  42 starcursed masses
  10 wyverns
  An ushabti (Crypt:3)
  3 fire bats
  11 chaos spawn
  5 golden eyes (Slime:2)
  7 basilisks
  Grum (Bailey)
  13 vampire mosquitoes
  3 redbacks (Crypt:3)
  4 steam dragons
  51 yaks
  11 fire elementals
  6 neqoxecs
  40 nagas
  Menkaure (D:7)
  4 spatial vortices
  A naga (shapeshifter) (Abyss:3)
  10 swamp worms
  5 acid dragons
  2 harpy simulacra (Hell)
  Edmund (D:4)
  20 large abominations
  A two-headed ogre zombie (Crypt:2)
  5 wargs
  22 water moccasins
  7 swamp drakes (Swamp:4)
  36 orc warriors
  12 hell hounds
  A meliai simulacrum (D:11)
  3 black bears
  Duvessa (D:5)
  3 ice beasts
  2 ettin simulacra (Hell)
  An elephant zombie (Crypt:1)
  12 ogres
  39 wolves
  11 boggarts (Vaults:2)
  11 centaurs
  17 small abominations
  An elephant skeleton (Crypt:1)
  A phantom (Crypt:3)
  A hog zombie (Crypt:2)
  2 kobold brigands
  15 necrophages
  14 bullfrogs
  3 scorpions
  An elf skeleton (Crypt:2)
  8 gnoll sergeants
  7 wyvern skeletons (Crypt:3)
  5 killer bees (D:9)
  Dowan (D:5)
  4 electric eels
  8 howler monkeys
  3 crimson imps (Abyss:3)
  An iron imp (Abyss:2)
  2 jellies
  9 gnoll boudas
  9 hounds
  28 orc priests
  4 sleepcaps
  2 iguanas
  34 orc wizards
  4 hell rats (Lair:1)
  5 adders
  22 gnolls
  A steam dragon zombie (Crypt:1)
  A river rat (D:4)
  A swamp drake skeleton (Crypt:2)
  4 white imps
  2 ufetubi (D:7)
  A worm zombie (Crypt:2)
  3 dart slugs
  95 orcs
  13 ball pythons
  7 bats
  8 endoplasms
  3 giant cockroaches
  12 goblins
  6 hobgoblins
  6 kobolds
  4 quokkas
  4 frilled lizards
  A frilled lizard zombie (Crypt:2)
  A gnoll skeleton (Crypt:3)
  6 rats
  17 butterflies
  2 lurking horrors
  4 starspawn tentacles (Abyss:2)
2822 creatures vanquished.

Vanquished Creatures (collateral kills)
  the Royal Jelly (Slime:5)
  A rockslime (Slime:5)
  2 quicksilver oozes (Slime:5)
4 creatures vanquished.

Vanquished Creatures (others)
  An ancient lich (Vaults:5)
  A lich (Depths:1)
  A purple draconian (Zot:1)
  An ironbound frostheart (Vaults:4)
  An ogre mage (D:11)
  A deep elf knight (Elf:1)
  A mana viper (Snake:4)
  2 moths of wrath (Zot:4)
  A hell hound (Abyss:3)
  18 foxfires
  A lurking horror (Abyss:5)
  12 starspawn tentacles
41 creatures vanquished.

Grand Total: 2867 creatures vanquished

Notes
Turn   | Place    | Note
-------+----------+-------------------------------------------
     0 | D:1      | RepHenryClay the Minotaur Fighter began the quest for the
                  | Orb.
     0 | D:1      | Reached XP level 1. HP: 19/19 MP: 0/0
    93 | D:1      | Reached XP level 2. HP: 27/27 MP: 1/1
   654 | D:2      | Reached XP level 3. HP: 33/33 MP: 2/2
  1151 | D:3      | Found a bloodstained altar of Trog.
  1380 | D:3      | Reached XP level 4. HP: 26/40 MP: 3/3
  1785 | D:4      | Identified the "Coemi"
  1790 | D:4      | Reached skill level 5 in Axes
  1823 | D:4      | Reached skill level 5 in Armour
  1823 | D:4      | Reached XP level 5. HP: 35/46 MP: 4/4
  1857 | D:4      | Identified a scroll of acquirement
  1857 | D:4      | Acquired the +1 pair of boots "Huwup" {rF++}
  1886 | D:4      | Found a staircase to the Ecumenical Temple.
  1895 | Temple   | Entered the Ecumenical Temple
  1932 | Temple   | Became a worshipper of Gozag Ym Sagoz the Greedy
  2052 | D:4      | Found a glowing drain.
  2064 | Sewer    | Entered a sewer
  2115 | Sewer    | Noticed a water moccasin
  2121 | Sewer    | Killed a water moccasin
  2122 | Sewer    | Reached XP level 6. HP: 52/52 MP: 5/5
  2431 | D:4      | Found a hazy altar of Hepliaklqana.
  2565 | D:4      | Noticed an ice beast
  2568 | D:4      | Killed an ice beast
  2653 | D:4      | Reached XP level 7. HP: 58/58 MP: 6/6
  2753 | D:5      | Entered Level 5 of the Dungeon
  2918 | D:5      | Noticed Edmund
  2934 | D:4      | Killed Edmund
  3260 | D:5      | Reached XP level 8. HP: 66/66 MP: 7/7
  3791 | D:5      | Noticed Dowan
  3804 | D:5      | Killed Dowan
  3805 | D:5      | Noticed Duvessa
  3814 | D:5      | Killed Duvessa
  3815 | D:5      | Reached skill level 10 in Axes
  4318 | D:6      | Reached skill level 1 in Throwing
  4569 | D:6      | Reached XP level 9. HP: 29/71 MP: 8/8
  4745 | D:6      | Found a shadowy altar of Dithmenos.
  4747 | D:6      | Found a broken altar of Ashenzari.
  4748 | D:6      | Found a blossoming altar of Fedhas.
  4750 | D:6      | Found a sacrificial altar of Ru.
  4751 | D:6      | Found a shimmering altar of Xom.
  4781 | D:6      | Noticed Sigmund
  4789 | D:6      | Killed Sigmund
  4952 | D:6      | Found a hide-covered altar of Uskayaw.
  5405 | D:7      | Noticed Menkaure
  5503 | D:7      | Killed Menkaure
  6118 | D:8      | Noticed Erica
  6128 | D:8      | Killed Erica
  6129 | D:8      | Reached skill level 5 in Throwing
  6178 | D:8      | Found a flagged portal.
  6191 | Bailey   | Entered a bailey
  6267 | Bailey   | Reached XP level 10. HP: 47/79 MP: 9/9
  6382 | Bailey   | Noticed Grum
  6392 | Bailey   | Killed Grum
  6415 | Bailey   | Reached skill level 1 in Polearms
  6675 | D:8      | Noticed a two-headed ogre
  6685 | D:8      | Killed a two-headed ogre
  6686 | D:8      | Reached skill level 5 in Polearms
  6737 | D:8      | Noticed Prince Ribbit
  6738 | D:8      | Noticed a cyclops
  6779 | D:8      | Found a transporter.
  6859 | D:8      | a wind drake changed into a fire crab
  6859 | D:8      | Noticed a fire crab (shapeshifter)
  7067 | D:8      | Found an iron altar of Okawaru.
  7836 | D:9      | Noticed a gargoyle
  7839 | D:9      | Killed a gargoyle
  7960 | D:10     | Entered Level 10 of the Dungeon
  7962 | D:10     | Noticed a two-headed ogre
  7969 | D:10     | Killed a two-headed ogre
  7970 | D:10     | Reached skill level 10 in Polearms
  7970 | D:10     | Reached XP level 11. HP: 62/85 MP: 10/10
  8066 | D:10     | Identified the +11 demon whip of Defence by Offence {flame,
                  | rN+}
  8077 | D:10     | Noticed a two-headed ogre
  8082 | D:10     | Killed a two-headed ogre
  8137 | D:10     | Noticed Amaemon
  8144 | D:10     | Killed Amaemon
  8148 | D:10     | Reached skill level 10 in Armour
  8399 | D:10     | Found a stormy altar of Qazlal.
  8576 | D:11     | Noticed a two-headed ogre
  8583 | D:11     | Killed a two-headed ogre
  8665 | D:11     | Noticed a skeletal warrior
  8671 | D:11     | Killed a skeletal warrior
  8674 | D:11     | Noticed an orc knight
  8685 | D:11     | Killed an orc knight
  8979 | D:8      | Noticed a skyshark
  8982 | D:8      | a skyshark changed into a steelbarb worm
  8982 | D:8      | Noticed a steelbarb worm (shapeshifter)
  8996 | D:8      | a steelbarb worm changed into an eye of devastation
  9057 | D:11     | Noticed a two-headed ogre
  9066 | D:11     | Killed a two-headed ogre
  9067 | D:11     | Reached XP level 12. HP: 81/93 MP: 11/11
  9104 | D:11     | Noticed a two-headed ogre
  9197 | D:11     | Noticed a boulder beetle
  9217 | D:11     | Killed a boulder beetle
  9233 | D:11     | Noticed a centaur warrior
  9243 | D:11     | Killed a centaur warrior
  9283 | D:11     | Noticed a tengu warrior
  9289 | D:11     | Killed a tengu warrior
  9308 | D:11     | Noticed a tengu warrior
  9311 | D:11     | Noticed a two-headed ogre
  9311 | D:11     | Noticed an ogre mage
  9313 | D:11     | Noticed a seven-headed hydra
  9317 | D:11     | Reached skill level 15 in Polearms
  9333 | D:11     | Noticed Harold
  9370 | D:11     | Killed Harold
  9373 | D:11     | Noticed a quicksilver ooze
  9374 | D:11     | Noticed a boulder beetle
  9381 | D:10     | Killed a quicksilver ooze
  9506 | D:10     | Killed a boulder beetle
  9527 | D:10     | Killed a tengu warrior
  9667 | D:11     | Noticed a tengu reaver
  9668 | D:11     | Killed an ogre mage
 10066 | D:12     | Reached XP level 13. HP: 98/99 MP: 12/12
 10118 | D:12     | Found a staircase to the Orcish Mines.
 10774 | Orc:1    | Entered Level 1 of the Orcish Mines
 11028 | Orc:2    | Entered Level 2 of the Orcish Mines
 11032 | Orc:2    | Noticed Josephine
 11083 | Orc:1    | Killed Josephine
 11126 | Orc:2    | Noticed an orc warlord
 11444 | Orc:2    | Paralysed by an orc sorcerer for 2 turns
 11467 | Orc:1    | Killed an orc warlord
 12033 | Orc:2    | Reached skill level 15 in Armour
 12059 | Orc:2    | Reached skill level 5 in Fighting
 12092 | Orc:2    | Reached skill level 1 in Dodging
 12267 | Orc:2    | Found a staircase to the Elven Halls.
 12539 | Orc:1    | Found a bloodstained altar of Trog.
 12934 | Orc:2    | Found Igituts's Antique Armour Boutique.
 12935 | Orc:2    | Found Ysej's Antique Weapon Boutique.
 12937 | Orc:2    | Found Kuonn's General Store.
 12937 | Orc:2    | Found Haock's Book Shop.
 13011 | Orc:2    | Bought a scroll of teleportation for 39 gold pieces
 13107 | D:11     | Acquired the ring of Seowk {rN++ Will+ SInv}
 13224 | D:11     | Reached XP level 14. HP: 70/113 MP: 13/13
 13390 | D:11     | Killed a tengu reaver
 13391 | D:11     | Reached skill level 5 in Dodging
 13586 | D:11     | Found a staircase to the Lair.
 13774 | Lair:1   | Entered Level 1 of the Lair of Beasts
 14742 | Lair:2   | Found a staircase to the Snake Pit.
 14871 | Lair:2   | Found a staircase to the Swamp.
 15749 | Lair:3   | Reached skill level 10 in Fighting
 16867 | Lair:4   | Reached XP level 15. HP: 119/129 MP: 14/14
 17087 | Lair:4   | You fall into a shaft and drop 1 floor!
 17087 | Lair:5   | Entered Level 5 of the Lair of Beasts
 17118 | Lair:5   | Identified the +0 pair of gloves of Bemio {+Blink rC+
                  | Regen+ Int+3}
 17666 | Lair:4   | Reached skill level 10 in Dodging
 18063 | Lair:4   | Found a viscous altar of Jiyva.
 18063 | Lair:4   | Found a staircase to the Slime Pits.
 19712 | D:14     | Noticed Azrael
 19733 | D:14     | Killed Azrael
 19787 | D:14     | Found Megifrul's Jewellery Shoppe.
 19957 | D:14     | Noticed Louise
 19977 | D:14     | Killed Louise
 20138 | D:14     | Found a gate to the Vaults.
 20343 | D:14     | Noticed Rupert
 20360 | D:14     | Killed Rupert
 20361 | D:14     | Reached XP level 16. HP: 114/143 MP: 15/15
 20443 | D:14     | Identified the +6 flail of the Summoning Gods {antimagic,
                  | Dex+5 Stlth+}
 20622 | D:15     | Entered Level 15 of the Dungeon
 20795 | D:15     | Found a staircase to the Depths.
 21501 | Snake:1  | Entered Level 1 of the Snake Pit
 22828 | Snake:2  | Identified the serpent talisman of Qogomm {rC++ Str+2}
 22828 | Snake:2  | Noticed Aizul
 22838 | Snake:2  | Killed Aizul
 23372 | Snake:3  | Reached XP level 17. HP: 154/154 MP: 16/16
 23489 | Snake:3  | Found a shadowy altar of Dithmenos.
 23818 | Snake:3  | Identified the ring "Niuhac" {MP+9 SInv}
 24309 | Snake:4  | Entered Level 4 of the Snake Pit
 24355 | Snake:4  | Reached skill level 15 in Fighting
 24459 | Abyss:1  | Cast into level 1 of the Abyss (naga mage)
 24467 | Abyss:1  | Found a corrupted altar of Lugonu.
 24797 | Abyss:2  | Found a corrupted altar of Lugonu.
 24813 | Abyss:2  | Found a corrupted altar of Lugonu.
 24822 | Abyss:2  | Noticed a bone dragon
 24834 | Abyss:2  | Killed a bone dragon
 24855 | Abyss:2  | Noticed a lich
 24859 | Abyss:2  | Killed a lich
 24862 | Snake:4  | Escaped the Abyss
 25300 | Snake:4  | Found Cubuvuwk's CLEARANCE SALE!.
 25996 | Snake:4  | Reached XP level 18. HP: 150/166 MP: 17/17
 26181 | Snake:4  | Got a serpentine rune of Zot
 26350 | Swamp:1  | Entered Level 1 of the Swamp
 26422 | Swamp:1  | Found a runed translucent door.
 26422 | Swamp:1  | Noticed Naistiu's ghost (adept DESu)
 27018 | Swamp:1  | Killed Naistiu's ghost
 27752 | Swamp:3  | Reached skill level 15 in Dodging
 27797 | Swamp:3  | Identified the +0 chain mail of the Hanged Man {rPois rF+
                  | rCorr Stlth+}
 28076 | Swamp:3  | Identified the +8 scimitar "Anig" {drain, rElec Int+3}
 28858 | Swamp:4  | Entered Level 4 of the Swamp
 28858 | Swamp:4  | Noticed Mara
 28905 | Swamp:4  | Noticed RepHenryClay's illusion
 28915 | Swamp:4  | Killed Mara
 29293 | Swamp:4  | Identified the ring of Zovudwuh {Fly rC+ Str+3 Int+3 Dex-2}
 29387 | Swamp:4  | Identified the +4 chain mail of an ice cave {Drain rPois
                  | rCorr Int+3}
 29554 | Swamp:4  | Noticed the 27-headed Lernaean hydra
 29569 | Swamp:4  | Killed the 23-headed Lernaean hydra
 29649 | Swamp:4  | Got a decaying rune of Zot
 30074 | Vaults:1 | Entered Level 1 of the Vaults
 30087 | Vaults:1 | Paralysed by a formless jellyfish for 1 turns
 30091 | Vaults:1 | Paralysed by a formless jellyfish for 1 turns
 30163 | Vaults:1 | Reached XP level 19. HP: 178/178 MP: 18/18
 30220 | Vaults:1 | Bought a scarf of repulsion for 156 gold pieces
 30235 | Vaults:1 | Bought a smoking chain mail for 275 gold pieces
 30235 | Vaults:1 | Identified the +7 chain mail "Orrui" {rPois rF+ Stlth+}
                  | (You bought it in a shop on level 1 of the Vaults)
 30237 | Vaults:1 | Bought the amulet of the Air {Inacc Air Fly rElec RMsl} for
                  | 564 gold pieces
 30237 | Vaults:1 | Found the amulet of the Air {Inacc Air Fly rElec RMsl}
 30251 | Vaults:1 | Bought 2 scrolls of teleportation for 78 gold pieces
 30251 | Vaults:1 | Bought a scroll of enchant weapon for 97 gold pieces
 30251 | Vaults:1 | Bought a scroll of blinking for 97 gold pieces
 30255 | Vaults:1 | Bought the ring "Pohi" {rPois rF+ rN+ rCorr Stlth+} for 723
                  | gold pieces
 30718 | Vaults:1 | Bought a +2 cloak of preservation for 365 gold pieces
 31078 | Vaults:1 | Noticed Saint Roka
 31239 | Vaults:1 | Found Kakof's Antique Armour Emporium.
 31681 | Vaults:1 | Killed Saint Roka
 31792 | Vaults:1 | Found a huge runed gate.
 31792 | Vaults:1 | Found a huge runed gate.
 31792 | Vaults:1 | Found a huge runed gate.
 31794 | Vaults:1 | Found a huge runed gate.
 31794 | Vaults:1 | Found a huge runed gate.
 31856 | Vaults:1 | Found a huge runed gate.
 31856 | Vaults:1 | Found a huge runed gate.
 31856 | Vaults:1 | Found a huge runed gate.
 31857 | Vaults:1 | Found a huge runed gate.
 31857 | Vaults:1 | Found a huge runed gate.
 31857 | Vaults:1 | Found a huge runed gate.
 31858 | Vaults:1 | Found a huge runed gate.
 31882 | Vaults:1 | Found a huge runed gate.
 31882 | Vaults:1 | Found a huge runed gate.
 31882 | Vaults:1 | Found a huge runed gate.
 31882 | Vaults:1 | Found a huge runed gate.
 31882 | Vaults:1 | Found a huge runed gate.
 31882 | Vaults:1 | Found a huge runed gate.
 31882 | Vaults:1 | Found a huge runed gate.
 31883 | Vaults:1 | Found a huge runed gate.
 31883 | Vaults:1 | Found a huge runed gate.
 31883 | Vaults:1 | Found a huge runed gate.
 31888 | Vaults:1 | Found a huge runed gate.
 31888 | Vaults:1 | Found a huge runed gate.
 31888 | Vaults:1 | Found a huge runed gate.
 31888 | Vaults:1 | Found a huge runed gate.
 31888 | Vaults:1 | Found a huge runed gate.
 31888 | Vaults:1 | Found a huge runed gate.
 31889 | Vaults:1 | Found a huge runed gate.
 31890 | Vaults:1 | Found a huge runed gate.
 31891 | Vaults:1 | Found a huge runed gate.
 31902 | Vaults:1 | Found a huge runed gate.
 31902 | Vaults:1 | Found a huge runed gate.
 31902 | Vaults:1 | Found a huge runed gate.
 31902 | Vaults:1 | Found a huge runed gate.
 31914 | Vaults:1 | Found a huge runed gate.
 32473 | Vaults:1 | Identified the ring of the Jester {*Slow +Blink rElec rCorr
                  | Int-2}
 32754 | Vaults:2 | Noticed Jory
 32769 | Vaults:2 | Killed Jory
 32964 | Vaults:2 | Found Amarr's Magic Scroll Shop.
 32969 | Vaults:2 | Bought a scroll of blinking for 127 gold pieces
 32969 | Vaults:2 | Bought a scroll of blinking for 127 gold pieces
 32969 | Vaults:2 | Bought a scroll of teleportation for 51 gold pieces
 32974 | Vaults:2 | Found Hutug's Armour Boutique.
 33283 | Vaults:2 | Identified the +9 war axe of Rafyn {venom, rElec SInv
                  | Stlth+}
 33458 | Vaults:2 | Found Poysus's Distillery.
 33531 | Vaults:2 | Bought a potion of cancellation for 128 gold pieces
 33531 | Vaults:2 | Bought a potion of haste for 160 gold pieces
 33556 | Vaults:2 | Found a staircase to the Crypt.
 33556 | Vaults:2 | Found a basalt altar of Yredelemnul.
 33557 | Vaults:2 | Found an ancient bone altar of Kikubaaqudgha.
 33598 | Vaults:2 | Found Peolen's Jewellery Shoppe.
 34033 | Vaults:2 | Noticed Bai Suzhen
 34077 | Vaults:1 | Killed Bai Suzhen
 34211 | Vaults:2 | Found Ytanor's Antique Weapon Shop.
 34463 | Vaults:2 | Found Poysus's Distillery.
 34525 | Vaults:2 | Found Hutug's Armour Boutique.
 34542 | Vaults:2 | Found Amarr's Magic Scroll Shop.
 34729 | Vaults:2 | Found Ytanor's Antique Weapon Shop.
 34792 | Vaults:2 | Found Peolen's Jewellery Shoppe.
 34845 | Vaults:2 | Found a staircase to the Crypt.
 34845 | Vaults:2 | Found a basalt altar of Yredelemnul.
 34846 | Vaults:2 | Found an ancient bone altar of Kikubaaqudgha.
 34992 | Vaults:2 | Reached XP level 20. HP: 175/191 MP: 19/19
 35232 | Vaults:3 | Noticed Norris
 35262 | Vaults:2 | Killed Norris
 35767 | Vaults:3 | Found Lodomyph's Antique Weapon Boutique.
 36221 | Vaults:3 | Reached skill level 27 in Armour
 36332 | Vaults:3 | Bought the +6 arbalest "Damnation" {damnation} for 1760
                  | gold pieces
 36332 | Vaults:3 | Found the +6 arbalest "Damnation" {damnation}
 36423 | Vaults:3 | Reached skill level 1 in Ranged Weapons
 36430 | Vaults:3 | Found a runed translucent gate.
 36430 | Vaults:3 | Found a runed translucent gate.
 36430 | Vaults:3 | Found a runed translucent gate.
 36430 | Vaults:3 | Noticed Zissick's ghost (adept MiBr)
 37045 | Vaults:3 | Reached skill level 5 in Ranged Weapons
 38595 | Vaults:4 | Noticed Margery
 38627 | Vaults:4 | Killed Margery
 39085 | Vaults:4 | Reached skill level 10 in Ranged Weapons
 39330 | Vaults:4 | Reached XP level 21. HP: 189/199 MP: 20/20
 39953 | Vaults:5 | Identified the "Sennir Gueli"
 39953 | Depths:2 | Identified the of Duugux
 39953 | Depths:2 | Identified the "Wymaxzoi"
 39953 | Elf:1    | Entered Level 1 of the Elven Halls
 40507 | Orc:2    | Bought storm dragon scales for 2400 gold pieces
 40637 | Elf:1    | Acquired the brooch of Shielding {Spirit SH+8}
 40637 | Elf:1    | Found the brooch of Shielding {Spirit SH+8}
 41002 | Elf:1    | HP: 6/199 [deep elf annihilator/crystal spear (43)]
 41732 | Elf:2    | Identified the "Pyzoigri"
 42007 | Elf:2    | Found Xelog's Jewellery Boutique.
 42045 | Elf:2    | Found a runed translucent gate.
 42046 | Elf:2    | Found a runed translucent gate.
 42046 | Elf:2    | Found a runed translucent gate.
 42382 | Elf:2    | Found Jafam's Book Boutique.
 42942 | Elf:3    | Identified the "Zovuacli"
 42942 | Elf:3    | Identified the "Buisoh"
 42942 | Elf:3    | Identified the "Ocratula"
 42942 | Elf:3    | Identified the "Puyrrun"
 42942 | Elf:3    | Entered Level 3 of the Elven Halls
 42948 | Elf:3    | Reached skill level 15 in Ranged Weapons
 43106 | Elf:3    | Found Ydynuem's General Store.
 43852 | Elf:3    | Identified the +2 great sword "Kiwex Igg" {holy, rElec MP+9
                  | Int-3}
 43882 | Elf:3    | Reached XP level 22. HP: 206/206 MP: 21/21
 44025 | Elf:3    | Identified the +3 falchion of the Original Sin {holy,
                  | Str+6}
 44032 | Elf:3    | Identified the staff of Resourcefulness {Will- Int+3 Dex+2
                  | Conj}
 44051 | Elf:3    | Identified the +5 pair of gloves of Polish {rN+ Regen+
                  | Str+2 Slay-2}
 44094 | Elf:3    | Identified the staff of Bealirudom {rElec rC+++ rN+ Str-5
                  | Dex+4 Necro}
 44458 | Depths:1 | Entered Level 1 of the Depths
 44523 | Depths:1 | Found Usyor's Book Shop.
 44524 | Depths:1 | Found Nitzit's Jewellery Shoppe.
 44525 | Depths:1 | Found Kod Qeu's Book Shop.
 44583 | Depths:1 | Noticed Sojobo
 44591 | Depths:1 | Found a one-way gateway to a ziggurat.
 44644 | Depths:1 | Killed Sojobo
 45025 | Depths:1 | Acquired 902 gold pieces
 45038 | Depths:1 | Found a glowing silver altar of Zin.
 45123 | Depths:1 | Found a corrupted altar of Lugonu.
 45123 | Depths:1 | Found a one-way gate to the infinite horrors of the Abyss.
 45246 | Depths:1 | Found a gateway to Hell.
 45329 | Depths:1 | Found Bemezuig's Assorted Antiques.
 45335 | Depths:1 | Bought a potion of heal wounds for 160 gold pieces
 45575 | Depths:2 | Found a one-way gate leading to the halls of Pandemonium.
 46078 | Depths:2 | Noticed a caustic shrike
 46084 | Depths:2 | Killed a caustic shrike
 46565 | Depths:2 | Noticed a juggernaut
 46567 | Depths:2 | Noticed a juggernaut
 46587 | Depths:1 | Killed a juggernaut
 47067 | Depths:2 | Killed a juggernaut
 47164 | Depths:2 | Noticed a golden dragon
 47169 | Depths:2 | Killed a golden dragon
 48380 | Depths:4 | Entered Level 4 of the Depths
 48386 | Depths:4 | Noticed Frederick
 48394 | Depths:3 | Reached XP level 23. HP: 218/229 MP: 20/22
 48429 | Depths:4 | Killed Frederick
 49179 | Depths:4 | Found a gate to the Realm of Zot.
 49997 | Slime:1  | Entered Level 1 of the Pits of Slime
 50571 | Slime:2  | Gained mutation: You are occasionally teleported next to
                  | monsters. [a shining eye]
 50828 | Slime:2  | Lost mutation: You are occasionally teleported next to
                  | monsters. [potion of mutation]
 50828 | Slime:2  | Gained mutation: Armour fits poorly on your strangely
                  | shaped body. [potion of mutation]
 52781 | Slime:4  | Noticed Dissolution
 52794 | Slime:3  | Gained mutation: Your body sometimes deteriorates upon
                  | taking damage. [a shining eye]
 52795 | Slime:3  | Killed Dissolution
 53099 | Slime:4  | Gained mutation: You are resistant to electric shocks.
                  | (rElec) [a shining eye]
 53100 | Slime:4  | Gained mutation: You occasionally lose the ability to read
                  | scrolls when taking damage. [a shining eye]
 53101 | Slime:4  | Gained mutation: You expend magic power (3 MP) to
                  | strengthen your wands. [a shining eye]
 53131 | Slime:4  | Gained mutation: You have hidden genetic defects. [a
                  | shining eye]
 53137 | Slime:4  | Paralysed by a formless jellyfish for 1 turns
 53677 | Slime:5  | Entered Level 5 of the Pits of Slime
 53677 | Slime:5  | Found the -2 hat of the Alchemist {rElec rPois rF+ rC+ rN+
                  | Will+ rMut rCorr}
 53971 | Slime:5  | Noticed the Royal Jelly
 54439 | Slime:5  | Found a viscous altar of Jiyva.
 54676 | Slime:4  | Lost mutation: Armour fits poorly on your strangely shaped
                  | body. [potion of mutation]
 54676 | Slime:4  | Lost mutation: You expend magic power (3 MP) to strengthen
                  | your wands. [potion of mutation]
 54676 | Slime:4  | Lost mutation: Your body sometimes deteriorates upon taking
                  | damage. [potion of mutation]
 54676 | Slime:4  | Gained mutation: Potions are less effective at restoring
                  | your health. [potion of mutation]
 54677 | Slime:4  | Lost mutation: You occasionally lose the ability to read
                  | scrolls when taking damage. [potion of mutation]
 54677 | Slime:4  | Lost mutation: Potions are less effective at restoring your
                  | health. [potion of mutation]
 54677 | Slime:4  | Gained mutation: You sometimes lose your temper in combat.
                  | [potion of mutation]
 54677 | Slime:4  | Gained mutation: Your spells are a little harder to cast,
                  | but a little more powerful. [potion of mutation]
 54677 | Slime:4  | Lost mutation: You sometimes lose your temper in combat.
                  | [potion of mutation]
 54678 | Slime:4  | Lost mutation: Your spells are a little harder to cast, but
                  | a little more powerful. [potion of mutation]
 54678 | Slime:4  | Lost mutation: You are resistant to electric shocks.
                  | (rElec) [potion of mutation]
 54678 | Slime:4  | Gained mutation: Your flesh is cold resistant. (rC+)
                  | [potion of mutation]
 54679 | Slime:4  | Lost mutation: You have hidden genetic defects. [potion of
                  | mutation]
 54679 | Slime:4  | Lost mutation: Your flesh is cold resistant. (rC+) [potion
                  | of mutation]
 54679 | Slime:4  | Gained mutation: Your muscles are strong. (Str +4, Int/Dex
                  | -1) [potion of mutation]
 54679 | Slime:4  | Gained mutation: You are clumsy. (Dex -2) [potion of
                  | mutation]
 54679 | Slime:4  | Gained mutation: Your magical capacity is low. (-10% MP)
                  | [potion of mutation]
 54679 | Slime:4  | Gained mutation: You are partially covered in iridescent
                  | scales. (AC +2) [potion of mutation]
 55023 | Vaults:1 | Bought the +6 plate armour of Honesty {rElec Int-2 Dex+3}
                  | for 1174 gold pieces
 55032 | Vaults:1 | Bought a scroll of enchant weapon for 165 gold pieces
 55034 | Vaults:1 | Bought a faintly glowing chain mail for 342 gold pieces
 55034 | Vaults:1 | Identified the +1 chain mail of Zenar {rN+} (You bought it
                  | in a shop on level 1 of the Vaults)
 56012 | Vaults:1 | Bought a scroll of revelation for 97 gold pieces
 56014 | Vaults:1 | Bought a scroll of revelation for 150 gold pieces
 56015 | Vaults:1 | Bought a scroll of revelation for 165 gold pieces
 56015 | Vaults:1 | Bought a scroll of revelation for 165 gold pieces
 56216 | Elf:3    | Bought a potion of heal wounds for 75 gold pieces
 56531 | Vaults:2 | Bought a potion of might for 64 gold pieces
 56531 | Vaults:2 | Bought a potion of might for 64 gold pieces
 56531 | Vaults:2 | Bought a potion of might for 64 gold pieces
 57357 | Vaults:1 | Bought a scroll of torment for 190 gold pieces
 57360 | Vaults:1 | Bought a scroll of torment for 209 gold pieces
 57711 | Slime:5  | Killed the Royal Jelly
 58127 | Slime:5  | Identified the ring of the Present {rC+ SInv}
 58237 | Slime:5  | Got a slimy rune of Zot
 58238 | Slime:5  | Identified the amulet "Ecves" {RegenMP Fly}
 58253 | Slime:5  | Identified the ring of Ujiotitz {rPois rC++ rN+ rCorr
                  | Dex+3}
 59024 | Vaults:1 | Bought a +0 tower shield of protection for 172 gold pieces
 59193 | Vaults:3 | Reached skill level 5 in Shields
 59284 | Vaults:3 | Killed Zissick's ghost
 59285 | Vaults:3 | Reached XP level 24. HP: 141/237 MP: 5/19
 59389 | Vaults:3 | Reached XP level 25. HP: 245/245 MP: 6/19
 59390 | Vaults:3 | Reached skill level 10 in Shields
 59390 | Vaults:3 | Reached XP level 26. HP: 254/254 MP: 6/19
 59692 | Zot:1    | Entered Level 1 of the Realm of Zot
 59714 | Zot:1    | Found a runed translucent gate.
 59715 | Zot:1    | Found a runed translucent gate.
 59715 | Zot:1    | Found a runed translucent gate.
 59716 | Zot:1    | Found an opulent altar of Gozag.
 59718 | Zot:1    | Noticed Ygyeth Femmu's ghost (veteran MiBe)
 60610 | Temple   | Fell from the grace of Gozag
 60610 | Temple   | Became a worshipper of Makhleb the Destroyer
 61093 | Crypt:1  | Entered Level 1 of the Crypt
 61439 | Crypt:1  | Reached * piety under Makhleb
 61965 | Crypt:1  | Found a runed translucent door.
 61966 | Crypt:1  | Noticed an ancient lich
 61983 | Crypt:1  | Killed an ancient lich
 62026 | Crypt:2  | Noticed Mennas
 62055 | Crypt:1  | Killed Mennas
 62306 | Crypt:1  | Reached ** piety under Makhleb
 62334 | Crypt:2  | Reached skill level 15 in Shields
 62613 | Crypt:2  | Reached *** piety under Makhleb
 62723 | Crypt:2  | Noticed Boris
 62736 | Crypt:2  | Killed Boris
 62837 | Crypt:2  | Noticed Phlounder's ghost (legendary DjIE)
 62841 | Crypt:2  | Found a runed translucent door.
 63119 | Crypt:2  | Killed Phlounder's ghost
 63124 | Crypt:2  | Identified the +4 arbalest "Roqa" {penet, rF+}
 63169 | Crypt:3  | Entered Level 3 of the Crypt
 63480 | Crypt:3  | Reached **** piety under Makhleb
 63540 | Crypt:3  | Found a basalt altar of Yredelemnul.
 63725 | Crypt:3  | Found a staircase to the Tomb.
 64004 | Crypt:3  | Noticed Boris
 64020 | Crypt:3  | Killed Boris
 64326 | Crypt:3  | Identified the +5 triple sword "Sarcophage" {freeze, rF+}
 64461 | Crypt:3  | Reached ***** piety under Makhleb
 66408 | Zot:1    | Reached XP level 27. HP: 257/260 MP: 6/19
 66491 | Zot:1    | Killed Ygyeth Femmu's ghost
 68060 | Zot:3    | Found a runed translucent door.
 68061 | Zot:3    | Noticed Unkupp's ghost (veteran OgBe)
 68668 | Zot:3    | Killed Unkupp's ghost
 68747 | Zot:4    | Identified the +7 morningstar of Integrity {heavy, Fragile
                  | rF+++ rN+++ Str-2}
 69763 | Zot:4    | Reached ****** piety under Makhleb
 70036 | Depths:3 | Voluntarily entered the Abyss.
 70589 | Abyss:2  | Found a corrupted altar of Lugonu.
 70739 | Abyss:3  | Found a corrupted altar of Lugonu.
 70768 | Abyss:3  | Found a corrupted altar of Lugonu.
 70778 | Abyss:3  | Paralysed by accursed screaming for 1 turns
 70943 | Abyss:3  | Got an abyssal rune of Zot
 71041 | Abyss:3  | Noticed a dread lich
 71054 | Abyss:3  | Killed a dread lich
 71082 | Abyss:5  | Found a corrupted altar of Lugonu.
 71090 | Abyss:5  | Paralysed by accursed screaming for 1 turns
 71094 | Abyss:5  | Paralysed by accursed screaming for 1 turns
 71102 | Depths:3 | Escaped the Abyss
 71171 | Depths:3 | Voluntarily entered the Abyss.
 71230 | Abyss:5  | Was forgiven by Gozag
 71310 | Abyss:5  | Found an opulent altar of Gozag.
 71340 | Depths:3 | Escaped the Abyss
 71984 | Vaults:5 | Entered Level 5 of the Vaults
 71984 | Vaults:5 | Noticed an ancient lich
 72072 | Vaults:5 | Got a silver rune of Zot
 72112 | Vaults:5 | Reached skill level 27 in Shields
 72158 | Vaults:5 | Identified the staff of Theory {rElec rF+ rCorr Int+4 Fire}
 72407 | Vaults:5 | Identified the staff of Okawaru's Reproof {rF- rC+ Str+3
                  | SInv Ice}
 72653 | Vaults:5 | Killed an ancient lich
 72741 | Vaults:5 | Identified the +1 leather armour of Gikuowed {Harm rPois}
 72748 | Vaults:5 | Identified the +1 long sword of the World {drain, rF+ rN+
                  | Str+4}
 72935 | Vaults:5 | Identified the +7 quarterstaff "Plog" {freeze, rC+ rN+
                  | Dex-5 Stlth+}
 73016 | Vaults:5 | Identified the +0 scale mail "Muomir" {Harm rF++}
 73029 | Vaults:5 | Found Lori's Distillery.
 73037 | Vaults:5 | Bought a potion of heal wounds for 110 gold pieces
 73037 | Vaults:5 | Bought a potion of heal wounds for 110 gold pieces
 73037 | Vaults:5 | Bought a potion of haste for 220 gold pieces
 73325 | Vaults:5 | Noticed a dread lich
 73337 | Vaults:5 | Killed a dread lich
 74041 | Vaults:5 | Found Lori's Distillery.
 74763 | Zot:5    | Entered Level 5 of the Realm of Zot
 75179 | Zot:5    | Noticed a dread lich
 75201 | Zot:5    | Killed a dread lich
 75299 | Zot:5    | Noticed an orb of fire
 75300 | Zot:5    | Gained mutation: You occasionally lose the ability to drink
                  | potions when taking damage. [an orb of fire]
 75321 | Zot:5    | Killed an orb of fire
 75335 | Zot:5    | Noticed an orb of fire
 75338 | Zot:5    | Noticed a dread lich
 75354 | Zot:5    | Noticed an orb of fire
 75359 | Zot:5    | Gained mutation: Your spells are a little easier to cast,
                  | but a little less powerful. [an orb of fire]
 75360 | Zot:5    | Killed an orb of fire
 75389 | Zot:5    | Killed an orb of fire
 75414 | Zot:5    | Killed a dread lich
 75549 | Zot:5    | Noticed an orb of fire
 75551 | Zot:5    | Noticed an orb of fire
 75561 | Zot:5    | Noticed an orb of fire
 75562 | Zot:5    | Noticed an orb of fire
 75568 | Zot:5    | Noticed an ancient lich
 75687 | Zot:5    | Killed an orb of fire
 75703 | Zot:5    | Identified the +1 robe "Aniggamm" {Rampage rN+ rCorr}
 75741 | Zot:5    | Killed an ancient lich
 75762 | Zot:5    | Killed an orb of fire
 75781 | Zot:5    | Killed an orb of fire
 75782 | Zot:5    | Lost mutation: You are clumsy. (Dex -2) [potion of
                  | mutation]
 75782 | Zot:5    | Lost mutation: You occasionally lose the ability to drink
                  | potions when taking damage. [potion of mutation]
 75782 | Zot:5    | Lost mutation: Your spells are a little easier to cast, but
                  | a little less powerful. [potion of mutation]
 75782 | Zot:5    | Gained mutation: You have large cloven feet. [potion of
                  | mutation]
 75841 | Zot:5    | Reached skill level 27 in Fighting
 75859 | Zot:5    | Identified the +0 robe of Barnacled Freedom {rN+ Dex+3}
 75885 | Zot:5    | Killed an orb of fire
 77325 | Hell     | Entered the Vestibule of Hell
 77325 | Hell     | Noticed Geryon
 77538 | Hell     | Killed Geryon
 77598 | Hell     | Noticed Murray
 77622 | Hell     | Killed Murray
 77793 | Hell     | Found a gateway to the ashen valley of Gehenna.
 77946 | Hell     | Found a gateway to the freezing wastes of Cocytus.
 78095 | Hell     | Found a gateway to the decaying netherworld of Tartarus.
 78269 | Hell     | Found a gateway to the Iron City of Dis.
 78684 | Zot:5    | Got the Orb of Zot
 78796 | Zot:4    | Noticed Fesoep the pandemonium lord
 78815 | Zot:4    | Killed Fesoep the pandemonium lord
 78820 | Zot:4    | Reached skill level 27 in Dodging
 78869 | Zot:3    | Noticed Efolim the pandemonium lord
 79513 | D:6      | Noticed Boris
 79524 | D:6      | Killed Boris
 79648 | D:$      | Escaped with the Orb!

Illustrated notes

Levels and vault maps discovered:
D:1:      dpeg_arrival_houses_and_road, layout_basic
D:2:      layout_loops_cross, grunt_decor_one_mirror
D:3:      layout_loops_ring, mainiacjoe_overflow_small_starburst
D:4:      minmay_clustersquares, layout_rooms, nicolae_hepliaklqana_hippocampus,
          minmay_temple_entry_junction,
          mainiacjoe_sewer_entry_somewhere_in_here_1, patterned_corridor
D:5:      layout_basic, minmay_misc_feat_chi, wad_rectangle_vault, uniq_edmund,
          uniq_duvessa
D:6:      hellmonk_destroyed_diamonds, layout_loops_cross,
          nicolae_uskayaw_murder_on_the_dancefloor, grunt_temple_overflow_open,
          dk_rats_in_the_wall, uniq_sigmund
D:7:      layout_basic, uniq_menkaure
D:8:      gammafunk_the_bubble [the_bubble_gammafunk_crates],
          layout_loops_corners, mainiacjoe_overflow_24_doors, enter_bailey_3,
          uniq_prince_ribbit1, uniq_erica
D:9:      layout_loops_ring
D:10:     minmay_firetagon, layout_cave_pools, mainiacjoe_overflow_chevrons,
          uniq_amaemon
D:11:     minmay_the_grid_square_5x5_5x5_mashed
          [minmay_the_grid_square_5x5_moneybag,
          minmay_the_grid_square_5x5_two_walls_a,
          minmay_the_grid_square_5x5_comb, minmay_the_grid_square_5x5_tie,
          minmay_the_grid_square_5x5_inverted_slash,
          minmay_the_grid_square_5x5_doubleslash,
          minmay_the_grid_square_5x5_prize_monsterx,
          minmay_the_grid_square_5x5_six_small,
          minmay_the_grid_square_5x5_prize_open,
          minmay_the_grid_square_5x5_lines,
          minmay_the_grid_square_5x5_tetrominoes,
          minmay_the_grid_square_5x5_bracketed,
          minmay_the_grid_square_5x5_prize_itemx,
          minmay_the_grid_square_5x5_tri_point,
          minmay_the_grid_square_5x5_beaten_path,
          minmay_the_grid_square_5x5_three,
          minmay_the_grid_square_5x5_prize_rear_guard,
          minmay_the_grid_square_5x5_one_wall,
          minmay_the_grid_square_5x5_prize_junk,
          minmay_the_grid_square_5x5_checkered_statues,
          minmay_the_grid_square_5x5_almost_minimal,
          minmay_the_grid_square_5x5_empty,
          minmay_the_grid_square_5x5_checkered_sparse,
          minmay_the_grid_square_5x5_half_checkered,
          minmay_the_grid_square_5x5_fat_x], layout_basic, lair_entry_dummy,
          hangedman_fish_farm, uniq_harold
D:12:     layout_layer_cave, kennysheep_orc_monster_closet_entryway,
          chequers_garden
D:13:     layout_grid_maze, nicolae_tricolors
D:14:     layout_basic, david_vaults_4, serial_shops, nicolae_shop_statue_plus,
          uniq_rupert, uniq_azrael, uniq_louise
D:15:     gammafunk_depths_entry_grave, layout_rooms
Temple:   nicolae_temple_godzebo
Lair:1:   layout_gridlike, serial_bayou_shore_a, lemuel_fruit_fields,
          grunt_megastairs_4
Lair:2:   layout_small_grid, skrybe_swamp_entry_bodies,
          nicolae_snake_entry_squirm, cheibrodos_lair_lostbears,
          grunt_megastairs_2
Lair:3:   nzn_winding_woodlands_cross [nzn_winding_woodlands_5x15_concentric,
          nzn_winding_woodlands_5x15_garden, nzn_winding_woodlands_5x15_pool,
          nzn_winding_woodlands_5x15_sawtooth,
          nzn_winding_woodlands_15x15_killbox], layout_layer_cave
Lair:4:   layout_roguey, slime_entry_2, grunt_forest_large_clearing_hut,
          infiniplex_staircase_pool_2
Lair:5:   grunt_lair_end_beastmaster, layout_small_grid, lemuel_fruit_tree,
          grunt_megastairs_1
Swamp:1:  layout_basic_swamp, ebering_ghost_reflecting_pool,
          evilmike_swamp_ruin_rubble_2, infiniplex_staircase_pool
Swamp:2:  layout_basic_swamp, nicolae_swamp_oxbows
Swamp:3:  nicolae_swamp_wrong_neighborhood, layout_falls_marsh,
          evilmike_swamp_ruin_house_1
Swamp:4:  grunt_swamp_rune_castle, layout_basic_swamp, uniq_mara
Snake:1:  layout_onion_interference, nicolae_snake_springs
Snake:2:  layout_misc_corridors, uniq_aizul
Snake:3:  layout_onion_interference, basic_altar, special_room
Snake:4:  grunt_snake_rune_serpentine_throne, layout_cave_town,
          nicolae_shop_clearance
Slime:1:  layout_caves
Slime:2:  layout_caves, nicolae_slime_crime_time
Slime:3:  layout_caves
Slime:4:  layout_caves, dissolution_awaits
Slime:5:  slime_pit_nicolae_jellycorners
Orc:1:    layout_caves, basic_altar, lightli_orcish_oven
Orc:2:    st_orc_congregation, layout_diamond_mine, basic_altar,
          minmay_orc_keep, uniq_josephine
Elf:1:    layout_onion_city, hangedman_elf_represent
Elf:2:    nicolae_elf_blades_crystal_corner, layout_loops_corners, minivault_16,
          nicolae_wooded_promenade
Elf:3:    minmay_elf_hall_hex, layout_onion_city, serial_shops, shop
Vaults:1: nicolae_vaults_mini_display_case, nicolae_vaults_apartment_1,
          hangedman_vaults_trim, nicolae_vaults_network_star,
          nicolae_vaults_double_plus_1, hangedman_vaults_trim,
          not_door_vault_mu, v_misc_33, nicolae_vaults_border_crossing,
          nicolae_vaults_diamond_1, layout_vaults_omnigrid, serial_shops,
          nicolae_shop_back_alley_shop, uniq_saint_roka
Vaults:2: nicolae_vaults_trapezoid_3, nicolae_vaults_big_ls,
          minmay_crypt_entry_necro_gods, grunt_vaults_hallway_long,
          grunt_vaults_twisty, nicolae_vaults_prndl,
          hangedman_vaults_restitches, v_misc_11, nicolae_vaults_alarming,
          hangedman_vaults_river_flow, nicolae_vaults_tetromino_Z_1,
          nicolae_vaults_display_case, nicolae_vaults_rhombus_7,
          vaults_room_stairs_pillars, layout_vaults_omnicross, serial_shops,
          shop, nicolae_diamond_shop, nicolae_shop_crystal,
          nicolae_diamond_shop, nicolae_diamond_shop, uniq_bai_suzhen, uniq_jory
Vaults:3: gammafunk_ghost_split, vaults_dpeg_spiral,
          hangedman_vaults_restitches, v_rooms_3, nicolae_vaults_trapezoid_1,
          v_misc_4, hangedman_vaults_snaps, nicolae_vaults_surprise_closet_hard,
          vaults_room_grunt_arrival_checkpoint,
          nicolae_vaults_storage_closets_1, layout_vaults_ring, serial_shops,
          shop, uniq_norris
Vaults:4: vaults_room_octagon, v_misc_14, v_misc_28, vaults_mumra_hexcomb,
          dpeg_vaults_monster_row, ontoclasm_vaults_misaligned,
          grunt_vaults_hallway_short, nicolae_vaults_an_arrangement,
          nicolae_vaults_tetromino_T_2, nicolae_vaults_door_testing_chamber,
          nicolae_vaults_sealed_display, nicolae_vaults_wine_cellar,
          layout_vaults_omnibox, uniq_margery
Vaults:5: serial_shops
Crypt:1:  cheibrodos_crypt_cold_storage, layout_misc_corridors,
          grunt_megastairs_3
Crypt:2:  layout_misc_corridors, ebering_ghost_inner_flame, uniq_josephina,
          uniq_mennas, uniq_boris
Crypt:3:  evilmike_haunted_forest
Depths:1: layout_basic, enter_ziggurat_b, lightli_too_deep, serial_shops, shop,
          abyss_entry_flame_altar, zin_statuary, minmay_shop_grove, uniq_sojobo
Depths:2: lemuel_castle_with_subvaults [lemuel_castle_interior_original],
          layout_gridlike, serial_bayou_pond_c, grunt_hell_entry_dis_old,
          rand_demon_pan_entry_7, kennysheep_generic_room_14,
          infiniplex_staircase_spiral
Depths:3: minmay_distorted_concentric_squares, layout_gridville, hex_tiny,
          minmay_room_of_horrors, hell_entry, hangedman_decor_riveting,
          minmay_staircase_statues
Depths:4: grunt_zot_entry_tricorne, layout_basic, hell_entry,
          amcnicky_mini_pool_small, drop_trap, grunt_megastairs_5,
          uniq_frederick
Hell
Zot:1:    layout_onion_interference, ebering_ghost_gozag
Zot:2:    layout_onion_interference, regret_index_zotdec_twisting_globes
Zot:3:    layout_cathedral_of_symmetry, gammafunk_ghost_grave
Zot:4:    lemuel_halls_of_wrath, layout_gridlike
Zot:5:    layout_misc_corridors

Skill      XL: |  1  2  3  4  5  6  7  8  9 10 11 12 13 14 15 16 17 18 19 20 21 22 23 24 25 26 27 |
---------------+----------------------------------------------------------------------------------+-----
Axes           | 3 4 5 6 7 9 11 14 | 14.0
Armour         | 4 5 6 7 8 11 13 15 16 18 20 22 24 26 27 | 27.0
Throwing       | 1 5 |  5.0
Fighting       | 4 7 11 13 14 16 17 19 23 27 | 27.0
Shields        | 4 6 8 10 20 27 | 27.0
Polearms       | 10 13 16 18 19 | 19.4
Dodging        | 4 9 11 12 14 15 17 22 27 | 27.0
Ranged Weapons | 10 17 18 | 18.0

Action                     |  1- 3 |  4- 6 |  7- 9 | 10-12 | 13-15 | 16-18 | 19-21 | 22-24 | 25-27 || total
---------------------------+-------+-------+-------+-------+-------+-------+-------+-------+-------++-------
  Melee: War axe           |    54 |    11 |       |       |       |       |       |   149 |       ||   214
         Headbutt          |     5 |    14 |    30 |    56 |   176 |   246 |   232 |   126 |  1315 ||  2200
         Hand axe          |       |    82 |   191 |    66 |       |       |       |       |       ||   339
         Glaive            |       |       |       |   298 |  1066 |  1263 |  1161 |   176 |       ||  3964
         Demon whip        |       |       |       |       |    63 |       |       |       |       ||    63
         Punch             |       |       |       |       |     1 |       |       |     4 |       ||     5
         Battleaxe         |       |       |       |       |       |   106 |    31 |       |       ||   137
         Demon trident     |       |       |       |       |       |       |       |    83 |  2392 ||  2475
         Trishula          |       |       |       |       |       |       |       |       |  1958 ||  1958
   Fire: Greatsling        |       |       |       |       |       |       |    91 |    95 |       ||   186
         Arbalest          |       |       |       |       |       |       |   519 |   834 |       ||  1353
  Throw: Dart              |       |       |     9 |     4 |     4 |       |       |     2 |       ||    19
 Invoke: Potion Petition   |       |       |       |     2 |     1 |       |     1 |       |       ||     4
         Call Merchant     |       |       |       |       |       |       |     9 |     2 |       ||    11
Ability: Evoke Blink       |       |       |       |       |       |     1 |     1 |     7 |     3 ||    12
  Evoke: Wand              |       |       |     3 |     4 |       |     5 |     1 |     2 |     8 ||    23
         Condenser vane    |       |       |       |       |       |     2 |       |     1 |     2 ||     5
    Use: Scroll            |       |    13 |     6 |     5 |    11 |     5 |    13 |    27 |    13 ||    93
         Potion            |       |       |     2 |     2 |     1 |     4 |     1 |    23 |     7 ||    40
   Stab: Distracted        |       |       |       |     2 |     5 |     6 |     8 |     4 |       ||    25
         Petrified         |       |       |       |       |     3 |     7 |       |       |       ||    10
         Sleeping          |       |       |       |       |       |       |     1 |       |       ||     1
         Paralysed         |       |       |       |       |       |       |       |     1 |       ||     1
 Armour: Scale mail        |    41 |    70 |     1 |       |       |       |       |       |       ||   112
         Chain mail        |       |       |   143 |   130 |   500 |   252 |       |       |       ||  1025
         Plate armour      |       |       |       |   168 |   178 |   837 |  1032 |   209 |  1063 ||  3487
         Skin              |       |       |       |       |       |     2 |       |    47 |       ||    49
         Storm dragon scal |       |       |       |       |       |       |   175 |   646 |       ||   821
  Dodge: Dodged            |    30 |    35 |    61 |   119 |   352 |   691 |   923 |   618 |  1119 ||  3948
         Repelled          |       |       |       |       |       |       |     6 |     5 |       ||    11
  Block: Buckler           |     6 |    20 |    40 |    21 |       |       |       |       |       ||    87
         Other             |       |       |       |       |       |       |    59 |   276 |       ||   335
         Tower shield      |       |       |       |       |       |       |       |    57 |  3897 ||  3954

Table legend: (Time is in decaauts)
 A = Elapsed time spent in this place.
 B = Non-inter-level travel time spent in this place.
 C = Inter-level travel time spent in this place.
 D = Time resting spent in this place.
 E = Time spent auto-exploring this place.
 F = Levels seen in this place.
 G = Mean time per level.
                   A        B        C        D        E       F      G
               +--------+--------+--------+--------+--------+-----+--------+
         Total |  77635 |  62852 |  14783 |   3537 |  43000 |  66 | 1176.3 |
       Dungeon |  17805 |  12209 |   5596 |    647 |   8863 |  15 | 1187.0 |
        Temple |    130 |      7 |    123 |      0 |      0 |   1 |  130.0 |
          Lair |   6472 |   5007 |   1465 |    125 |   3995 |   5 | 1294.4 |
         Swamp |   3858 |   3543 |    315 |     65 |   2719 |   4 |  964.5 |
     Snake Pit |   4049 |   3781 |    268 |    171 |   2573 |   4 | 1012.2 |
    Slime Pits |   5622 |   4713 |    909 |   1047 |   2560 |   5 | 1124.4 |
  Orcish Mines |   2430 |   2045 |    385 |    257 |   1172 |   2 | 1215.0 |
   Elven Halls |   4321 |   3913 |    408 |     74 |   2969 |   3 | 1440.3 |
        Vaults |  13235 |  10687 |   2548 |    477 |   7483 |   5 | 2647.0 |
         Crypt |   4102 |   3937 |    165 |    193 |   2583 |   3 | 1367.3 |
        Depths |   6426 |   5009 |   1417 |    326 |   3493 |   4 | 1606.5 |
          Hell |    640 |    624 |     16 |      0 |    335 |   1 |  640.0 |
           Zot |   6584 |   5421 |   1163 |     55 |   3589 |   5 | 1316.8 |
         Abyss |   1428 |   1428 |      0 |     33 |    454 |   7 |  204.0 |
         Sewer |    101 |    101 |      0 |      0 |     49 |   1 |  101.0 |
        Bailey |    426 |    426 |      0 |     63 |    160 |   1 |  426.0 |
               +--------+--------+--------+--------+--------+-----+--------+

Top non-repeatable levels by time:
Vaults:1: 4041 daAuts
Vaults:2: 2865 daAuts
    D:14: 2460 daAuts
Vaults:3: 2448 daAuts
 Crypt:3: 2135 daAuts
Depths:2: 2126 daAuts
Vaults:5: 2112 daAuts
    D:11: 1857 daAuts
Vaults:4: 1766 daAuts
   Zot:1: 1694 daAuts
    D:12: 1664 daAuts
    D:13: 1615 daAuts
Depths:1: 1603 daAuts
   Zot:5: 1588 daAuts
   Elf:1: 1519 daAuts
